Map: Blackburn LE

Players

JennaToles

  • Race: Zerg Zerg
  • League: Platinum
  • Spawn Location: 5:00

Warthog - Winner!

  • Race: Terran Terran
  • League: Diamond
  • Spawn Location: 7:00

VOD

Have the link to the VOD?

Description

Time

  • Played on: Nov. 16, 2021, 7:11 p.m.
  • Length: 15:38
Show
View Real Time Build Order
Export as new Build Order

JennaToles Zerg 

Build Orders: Hatch First 

Get SALT Encoding   

  12  0:00  Drone  
  13  0:07  Drone  
  14  0:16  Overlord  
  14  0:34  Drone x3  
  17  0:52  Hatchery  
  17  0:55  Drone  
  17  0:59  Drone  
  18  1:10  Extractor  
  17  1:15  Spawning Pool  
  17  1:18  Drone  
  17  1:21  Drone  
  18  1:30  Drone  
  19  1:42  Overlord  
  19  1:52  Drone  
  20  2:07  Zergling x4  
  22  2:09  Queen x2  
  22  2:14  Metabolic Boost  
  26  2:28  Spore Crawler  
  25  2:34  Drone x5  
  31  2:50  Hatchery  
  30  2:56  Drone x3  
  33  2:58  Overlord  
  33  3:04  Overlord  
  33  3:14  Drone x2  
  33  3:18  Queen  
  37  3:22  Overlord  
  37  3:23  Drone x2  
  39  3:29  Queen  
  39  3:32  Drone  
  39  3:34  Drone  
  43  3:38  Drone x2  
  43  3:40  Drone  
  46  4:02  Queen x2  
  46  4:06  Overlord x2  
  46  4:07  Drone x5  
  49  4:27  Drone x3  
  49  4:28  Drone x4  
  52  4:32  Drone x4  
  52  4:38  Drone  
  57  4:41  Queen  
  57  5:00  Hatchery  
  54  5:08  Lair  
  54  5:09  Extractor  
  49  5:24  Drone x4  
  52  5:36  Drone  
  52  5:37  Drone x6  
  52  5:41  Zergling x8  
  63  5:52  Drone  
  63  5:53  Drone x4  
  68  5:59  Drone x2  
  68  6:04  Hatchery  
  69  6:06  Zergling x8  
  69  6:07  Evolution Chamber  
  69  6:08  Evolution Chamber  
  71  6:11  Roach Warren  
  71  6:13  Overseer  
  71  6:15  Pneumatized Carapace  
  70  6:20  Drone x5  
  75  6:26  Extractor  
  75  6:29  Extractor  
  73  6:38  Zerg Melee Weapons Level 1  
  73  6:40  Drone x2  
  73  6:41  Drone x3  
  73  6:42  Drone  
  73  6:45  Overlord x4  
  79  6:53  Baneling Nest  
  78  6:55  Overlord x3  
  78  7:05  Zergling x16  
  86  7:10  Zergling x10  
  91  7:22  Zerg Ground Armor Level 1  
  91  7:25  Drone x2  
  91  7:26  Drone x3  
  91  7:27  Drone  
  91  7:28  Zergling x8, Drone x2  
  91  7:29  Zergling x2  
  104  7:41  Zergling x2  
  104  7:42  Zergling x14  
  112  7:44  Baneling  
  112  7:45  Baneling x5  
  104  8:09  Zergling x16  
  104  8:10  Zergling x14  
  96  8:13  Zergling x4  
  96  8:16  Drone  
  96  8:18  Extractor x2  
  97  8:21  Drone x5  
  97  8:24  Zergling x8  
  97  8:25  Zergling x2  
  97  8:27  Hatchery  
  106  8:28  Infestation Pit  
  106  8:29  Baneling x3  
  106  8:30  Baneling x9  
  106  8:32  Zergling x2  
  106  8:33  Zergling x8  
  108  8:43  Overseer x3  
  108  8:49  Hydralisk Den  
  108  8:50  Drone x3  
  108  8:51  Drone x3  
  108  8:52  Drone x5  
  108  8:54  Overlord x3  
  118  9:09  Hatchery  
  114  9:34  Zergling x2  
  114  9:35  Zergling x42  
  134  9:39  Zerg Melee Weapons Level 2, Zerg Ground Armor Level 2  
  134  9:42  Drone x3  
  137  9:45  Extractor x2  
  125  10:07  Zergling x10  
  125  10:08  Zergling x30  
  121  10:24  Zergling x22  
  121  10:27  Grooved Spines  
  119  10:30  Lurker Den  
  119  10:32  Queen  
  111  10:38  Zergling x20  
  111  10:42  Hive  
  114  10:43  Drone x6  
  120  10:56  Zergling x16  
  110  11:22  Zergling x8  
  110  11:23  Zergling x30  
  118  11:31  Zergling x2  
  118  11:32  Zergling x16  
  127  11:33  Baneling x2  
  127  11:34  Baneling x10  
  127  11:37  Extractor x2  
  127  11:38  Muscular Augments  
  124  11:48  Overlord x3  
  124  11:51  Overlord x4  
  124  11:53  Overseer x5  
  124  12:00  Zerg Ground Armor Level 3, Zerg Melee Weapons Level 3  
  123  12:01  Adrenal Glands  
  123  12:04  Ultralisk Cavern  
  122  12:17  Hatchery  
  122  12:18  Extractor  
  122  12:20  Extractor  
  119  12:24  Spore Crawler  
  118  12:36  Zergling x2  
  118  12:37  Zergling x38  
  124  12:39  Spore Crawler  
  124  12:40  Spore Crawler  
  124  12:41  Spore Crawler x2, Adaptive Talons  
  124  12:42  Spore Crawler  
  112  12:56  Ultralisk x6  
  124  13:09  Ultralisk  
  119  13:17  Overlord x3  
  116  13:34  Centrifugal Hooks  
  116  13:38  Seismic Spines  
  116  13:39  Drone x2  
  116  13:40  Drone x6  
  124  13:46  Drone  
  124  13:47  Drone x2  
  84  14:04  Zergling x12  
  84  14:05  Zergling x12  
  83  14:12  Zergling x10  
  68  14:32  Zergling x10  
  68  14:33  Zergling x16  
Show
View Real Time Build Order
Export as new Build Order

Warthog Terran - Winner!

Build Orders: Liberator Opening, Reaper Expand 

Get SALT Encoding   

  12  0:00  SCV  
  13  0:12  SCV  
  14  0:17  Supply Depot  
  14  0:25  SCV  
  15  0:39  SCV  
  15  0:40  Barracks  
  16  0:44  Refinery  
  16  0:51  SCV  
  17  1:03  SCV  
  18  1:15  SCV  
  19  1:27  Reaper  
  19  1:28  Orbital Command  
  20  1:43  Command Center  
  20  1:53  Supply Depot  
  20  1:54  SCV  
  20  1:59  Marine  
  22  2:07  SCV  
  23  2:17  Factory  
  23  2:19  SCV  
  23  2:20  Refinery  
  23  2:21  Barracks Reactor  
  24  2:31  SCV  
  25  2:43  SCV  
  26  2:55  SCV, Orbital Command  
  27  3:01  Starport  
  27  3:07  SCV, Hellion x2  
  27  3:09  Barracks Tech Lab  
  32  3:19  SCV  
  33  3:22  SCV  
  34  3:29  Hellion x2  
  34  3:31  SCV  
  39  3:34  SCV  
  39  3:38  Liberator  
  39  3:39  Supply Depot  
  43  3:43  SCV  
  43  3:44  Supply Depot  
  43  3:46  SCV  
  45  3:55  SCV  
  45  4:00  SCV  
  45  4:01  Hellion x2  
  45  4:02  Stimpack  
  51  4:08  SCV  
  52  4:12  SCV  
  53  4:20  SCV  
  52  4:24  SCV  
  52  4:26  Command Center  
  52  4:27  Hellion x2  
  52  4:29  Viking  
  54  4:32  SCV  
  54  4:34  Supply Depot  
  54  4:37  SCV  
  54  4:44  SCV  
  55  4:47  Barracks  
  55  4:51  Barracks  
  55  4:56  SCV x2  
  57  5:05  Starport Reactor  
  54  5:09  SCV  
  54  5:10  Factory Reactor  
  54  5:11  Engineering Bay, SCV  
  54  5:13  Engineering Bay, Refinery x2  
  56  5:17  Barracks  
  56  5:18  Barracks  
  54  5:23  SCV  
  49  5:29  Marine  
  49  5:31  SCV  
  51  5:36  SCV  
  51  5:38  Orbital Command  
  52  5:43  SCV  
  52  5:48  SCV, Terran Infantry Weapons Level 1  
  52  5:49  Terran Infantry Armor Level 1  
  54  5:52  Starport Reactor  
  54  5:55  SCV  
  55  5:59  Marine x5  
  55  6:00  Combat Shield  
  55  6:01  Widow Mine x2  
  55  6:02  SCV  
  65  6:06  Barracks Reactor x2  
  65  6:08  SCV  
  65  6:10  Armory  
  66  6:16  Marine  
  66  6:17  Marine x3  
  70  6:19  Marine, Orbital Command  
  71  6:29  Supply Depot, Medivac x2, Widow Mine x2  
  71  6:30  Supply Depot  
  71  6:32  SCV  
  80  6:34  Marine x2  
  80  6:35  Marine  
  80  6:36  SCV  
  84  6:44  SCV  
  85  6:50  SCV x2, Marine x3  
  85  6:51  Widow Mine  
  92  6:56  SCV, Marine  
  94  7:02  Supply Depot x2, SCV x2  
  97  7:08  SCV  
  97  7:10  Factory  
  97  7:15  SCV x2, Widow Mine  
  101  7:18  Concussive Shells  
  101  7:23  SCV, Marine x4  
  101  7:25  Supply Depot  
  101  7:26  Supply Depot  
  101  7:27  SCV x2  
  108  7:35  SCV  
  109  7:37  Marine x2  
  109  7:38  Marauder  
  109  7:39  SCV  
  109  7:40  Widow Mine x2, Marine  
  109  7:41  Marine x4  
  123  7:46  Terran Infantry Weapons Level 2  
  123  7:47  Terran Infantry Armor Level 2  
  123  7:50  Supply Depot  
  123  7:52  Supply Depot  
  123  7:59  Marauder  
  123  8:01  Widow Mine  
  123  8:02  Widow Mine  
  123  8:03  Marine x2  
  125  8:05  Marine  
  125  8:06  Marine  
  121  8:13  Marine x4  
  121  8:15  Factory Tech Lab  
  121  8:17  Supply Depot  
  125  8:20  Supply Depot, Marine x3  
  125  8:23  Terran Vehicle And Ship Armor Level 1, Marine  
  125  8:24  Marine  
  125  8:26  Widow Mine x2  
  134  8:27  Medivac x2  
  134  8:30  Marine  
  134  8:31  Command Center, Marine x2  
  141  8:38  Marauder  
  141  8:39  Refinery x2  
  143  8:47  Widow Mine  
  145  8:57  Medivac x2  
  149  9:06  Marauder, Marine x5  
  149  9:07  Barracks, Marine x3  
  149  9:08  Barracks, Widow Mine x3  
  149  9:09  Barracks, Drilling Claws  
  165  9:23  Marine  
  165  9:24  Marine x2  
  166  9:27  Medivac, Marauder  
  166  9:31  Marine x2  
  173  9:42  Medivac, Marine x6  
  173  9:43  Widow Mine x3  
  187  9:48  Marine  
  187  9:50  Supply Depot x2, Planetary Fortress  
  188  9:54  Barracks Tech Lab  
  188  9:55  Barracks Tech Lab  
  188  10:03  Terran Infantry Weapons Level 3, Marine  
  188  10:04  Terran Infantry Armor Level 3  
  188  10:12  Widow Mine, Medivac, Marauder, Marine x3  
  189  10:22  Marine x2  
  189  10:23  Marine x2  
  189  10:24  Widow Mine x2, Marine  
  172  10:29  Marine  
  172  10:31  Marine x2  
  172  10:34  Widow Mine, Marauder  
  178  10:40  Marine x2  
  178  10:42  Barracks Tech Lab  
  180  10:44  Marauder, Marine  
  180  10:46  Widow Mine  
  185  10:55  Marauder  
  184  11:05  Marauder, Marine  
  167  11:16  Marauder  
  169  11:25  Marine x6  
  166  11:27  Medivac, Widow Mine x3  
  166  11:28  Marauder  
  166  11:29  Marauder x2, Marine x2  
  187  11:38  Marauder  
  189  11:43  Marine x6  
  195  11:47  Marine x2  
  195  11:50  Marauder x2  
  200  12:00  Marine  
  200  12:09  Terran Ship Weapons Level 1, Starport  
  200  12:10  Starport  
  200  12:12  Command Center, Armory  
  181  13:18  Terran Vehicle And Ship Armor Level 2  
  181  13:23  Refinery  
  181  13:24  Refinery  
  181  13:25  Fusion Core  
  181  13:28  Widow Mine x2  
  181  13:32  Command Center  
  177  13:38  Marine x3  
  177  13:39  Marauder, Marine  
  183  13:53  Marauder, Marine x2  
  173  14:01  Marauder, Marine x2  
  133  14:14  Marauder, Marine x3  
  138  14:29  Marine x3  
  138  14:30  Marauder, Marine x2  
  146  14:31  Liberator, Widow Mine x3  
  146  14:32  Liberator x3  
  162  14:43  Planetary Fortress  
  162  14:53  Widow Mine  
Tags
 
Add a new tag
Caveats
  • Supply blocks, unpowered buildings, or Contaminate may cause inaccurate times.
  • Supply counts are checked every 10 seconds.